 Dungeon Crawl Stone Soup version 0.29.1-4-g47bece8355 (webtiles) character file.

Game seed: 7618487127928501562

80 concernfroge the Trooper (level 4, -11/39 HPs)
             Began as a Mummy Monk on Dec 3, 2022.
             Engulfed by a cloud of flame (37 damage)
             ... on level 2 of the Dungeon.
             The game lasted 00:04:01 (2096 turns).

concernfroge the Trooper (Mummy Monk)               Turns: 2096, Time: 00:04:01

Health: -11/39     AC:  9    Str: 16    XL:     4   Next: 18%
Magic:  4/4        EV:  7    Int:  9    God:
Gold:   36         SH:  0    Dex: 14    Spells: 3/3 levels left

rFire   x . .      SeeInvis .   a - +0 spear
rCold   + . .      Faith    .   (no shield)
rNeg    + + +      Spirit   .   i - +0 chain mail
rPois   ∞          Reflect  .   (no helmet)
rElec   .          Harm     .   b - +0 cloak
rCorr   .          Rampage  .   (no gloves)
Will    .....                   (no boots)
Stlth   ..........              (no amulet)
HPRegen 0.13/turn               (no ring)
MPRegen 0.09/turn               (no ring)

@: no status effects
A: cold resistance 1, negative energy resistance 3, torment resistance 2, heat
vulnerability 1, in touch with death 1, no potions
a: no special abilities


You were on level 2 of the Dungeon.
You visited 1 branch of the dungeon, and saw 2 of its levels.

You collected 36 gold pieces.

Inventory:

Hand Weapons
 a - a +0 spear (weapon)
Armour
 b - a +0 cloak (worn)
 i - a +0 chain mail (worn)
Scrolls
 c - 2 scrolls of enchant weapon {unknown}
 e - 4 scrolls of teleportation
 f - 2 scrolls of torment {unknown}
 g - a scroll of vulnerability {unknown}
 h - a scroll of fear {unknown}


   Skills:
 + Level 5.1 Fighting
 - Level 2.4 Polearms
 - Level 2.4 Dodging
 - Level 1.5 Stealth


You had 3 spell levels left.
You didn't know any spells.
Your spell library was empty.

Dungeon Overview and Level Annotations

Branches:
Dungeon (2/15)

Altars:

Shops:
D:1 [


Innate Abilities, Weirdness & Mutations

You are immune to poison.
Your flesh is cold resistant. (rC+)
You are immune to negative energy. (rN+++)
You are immune to unholy pain and torment.
You are vulnerable to heat. (rF-)
You are in touch with the powers of death.
You do not drink.


Message History

The goblin hits you from afar with a +0 spear.
You reach to attack!
You closely miss the goblin. The goblin hits you but does no damage.
You reach to attack!
You closely miss the goblin.
The goblin hits you from afar with a +0 spear.
You reach to attack!
You barely miss the goblin. The goblin barely misses you.
You reach to attack!
You barely miss the goblin. The goblin hits you but does no damage.
You reach to attack!
You closely miss the goblin. The goblin barely misses you.
You reach to attack!
You barely miss the goblin. The goblin hits you but does no damage.
You reach to attack!
You hit the goblin.
The goblin is heavily wounded.
The goblin hits you but does no damage.
You reach to attack!
You hit the goblin.
You kill the goblin!
No target in view!
No target in view!
No target in view!
You now have 36 gold pieces (gained 10).
An adder comes into view.
The adder hisses angrily.
An adder is nearby!
No reachable target in view!
No reachable target in view!
No reachable target in view!
No reachable target in view!
The adder is engulfed in blazing flames.
The adder dies!
Found an escape hatch in the ceiling.
e - 4 scrolls of teleportation (gained 1)
Okay, then.
Really walk into a travel-excluded area?
Really walk into that cloud of flame? [Y]es or [N]o only, please.
Really walk into that cloud of flame?
You are engulfed in blazing flames.
You are engulfed in blazing flames.
Ouch! That really hurt!
You die...

#..##..## # #####...# # ###
#§.§# ## # #<# #§§§# ... #
#.# #§..# # #.# #
#.#####...######### #.##.###
#..○.§.?...○☼○....# #.......
#..§§§.!...☼§§..#.# #.......
#..§...$$..@§§.##.# #..8...8
#.#####...#######.# #....#..
#.# #§§†# #.# #.#.###. #.#
#.§.# #.# #....#.. #.# #§.§#
#.# #..8...8 #.#
#...#######.###....#.. #.#
#..........##....###.
#.#######.######.........#..
#................#.....8...8


There were no monsters in sight!

Vanquished Creatures
  Terence (D:2)
  An adder (D:2)
  2 dart slugs
  5 bats
  3 endoplasms
  3 giant cockroaches
  5 goblins
  5 hobgoblins
  4 kobolds (D:1)
  A quokka (D:1)
  4 ball pythons
  2 frilled lizards (D:1)
  5 rats
41 creatures vanquished.

Vanquished Creatures (others)
  An adder (D:2)
1 creature vanquished.

Grand Total: 42 creatures vanquished

Notes
Turn   | Place    | Note
-------+----------+-------------------------------------------
     0 | D:1      | concernfroge the Mummy Monk began the quest for the Orb.
     0 | D:1      | Reached XP level 1. HP: 18/18 MP: 1/1
   154 | D:1      | Reached XP level 2. HP: 24/24 MP: 2/2
   648 | D:1      | Reached skill level 4 in Fighting
   844 | D:1      | Found Iraraonn's Antique Armour Shoppe.
  1148 | D:2      | Gained mutation: You are in touch with the powers of death.
                  | [Mummy growth]
  1148 | D:2      | Reached XP level 3. HP: 29/30 MP: 3/3
  1408 | D:2      | Noticed Terence
  1697 | D:2      | Killed Terence
  1698 | D:2      | Reached skill level 5 in Fighting
  1698 | D:2      | Reached XP level 4. HP: 5/39 MP: 4/4
  2096 | D:2      | Engulfed by a cloud of flame

Illustrated notes

Levels and vault maps discovered:
D:1:      lightli_arrival_chessboard, layout_loops_ring, serial_shops,
          nicolae_shop_hallway_stairs, columned_hall_lemuel
D:2:      layout_loops_ring, hangedman_decor_push,
          minmay_misc_feat_four_crosses, lemuel_flame_loot_1, uniq_terence

Skill      XL: |  1  2  3 |
---------------+----------+-----
Fighting       | 4 5 |  5.1
Polearms       | |  2.4
Dodging        | |  2.4
Stealth        | |  1.5

Action                   |  1- 3 |  4- 6 || total
-------------------------+-------+-------++-------
Melee: Spear             |   162 |    21 ||   183
  Use: Scroll            |     1 |       ||     1
 Stab: Sleeping          |     4 |       ||     4
Armor: Ring mail         |    29 |       ||    29
       Chain mail        |       |    13 ||    13
Dodge: Dodged            |    77 |     6 ||    83
